 Dungeon Crawl Stone Soup version 0.19.0-11-g3fc08b3 (webtiles) character file.

445 Gingerlord the Cudgeler (level 7, -1/106 HPs)
             Began as an Ogre Wanderer on Nov 8, 2016.
             Was an Initiate of Okawaru.
             Slain by a killer bee (3 damage)
             ... on level 4 of the Dungeon.
             The game lasted 00:08:30 (4660 turns).

Gingerlord the Cudgeler (Ogre Wanderer)             Turns: 4660, Time: 00:08:31

Health: -1/106     AC: 23    Str: 23    XL:     7   Next: 3%
Magic:  0/7        EV:  1    Int: 11    God:    Okawaru [......]
Gold:   169        SH:  0    Dex: 11    Spells: 0 memorised, 6 levels left

rFire  . . .     SeeInvis .     y - +0 giant spiked club
rCold  . . .     Gourm    .     (armour currently unavailable)
rNeg   + + +     Faith    .     (shield currently unavailable)
rPois  +         Spirit   +     (helmet currently unavailable)
rElec  .         Reflect  .     (cloak currently unavailable)
rCorr  .         Harm     .     (gloves unavailable)
MR     .....     NoTele   +     (boots unavailable)
Stlth  +.........               i - amulet of guardian spirit
                                (no ring)
                                m - ring of wizardry

@: mighty, tree-form (expiring), very slightly contaminated, hasted, very quick
A: unfitting armour, (tough skin 0)
a: Renounce Religion


You were on level 4 of the Dungeon.
You worshipped Okawaru.
Okawaru was noncommittal.
You were hungry.
You were a tree.
You visited 2 branches of the dungeon, and saw 5 of its levels.

You collected 169 gold pieces.

Inventory:

Hand Weapons
 y - a +0 giant spiked club (weapon)
Armour
 n - a cursed +1 robe (melded)
 r - a +1 cloak (melded)
Jewellery
 i - an amulet of guardian spirit (around neck)
 m - a ring of wizardry (left branch)
Wands
 k - a wand of iceblast (7/15)
Scrolls
 c - 4 scrolls of teleportation
 g - 7 scrolls of identify
 l - 3 scrolls of remove curse {unknown}
 o - 3 scrolls of enchant armour
 p - a scroll of fear {unknown}
 u - 3 scrolls of enchant weapon {unknown}
 w - a scroll of random uselessness {unknown}
Potions
 h - a potion of lignification
 j - a potion of mutation {unknown}
 q - a potion of haste
 s - 2 potions of flight {unknown}
 x - a potion of degeneration {unknown}
Comestibles
 f - 2 bread rations
 t - 2 meat rations
 v - a fruit


   Skills:
 + Level 4.7 Fighting
 + Level 7.0 Maces & Flails
 + Level 3.4 Throwing
 + Level 4.1 Dodging
 - Level 1.0 Evocations


You had 6 spell levels left.
You didn't know any spells.

Dungeon Overview and Level Annotations

Branches:
Dungeon (4/15)             Temple (1/1) D:4

Altars:
Ashenzari
Cheibriados
Dithmenos
Elyvilon
Fedhas
Gozag
Hepliaklqana
Kikubaaqudgha
Makhleb
Nemelex Xobeh
Okawaru
Qazlal
Ru
Sif Muna
Trog
Uskayaw
Vehumet
Xom
Yredelemnul
Zin
The Shining One


Innate Abilities, Weirdness & Mutations

You are too large for most types of armour.
((You have tough skin. (AC +1)))


Message History

The killer bee stings you but does no damage. x2
You miss the killer bee.
Your transformation is almost over.
The killer bee stings you but does no damage. x3
You closely miss the killer bee. The killer bee stings you.
* * * LOW HITPOINT WARNING * * *
You closely miss the killer bee.
The killer bee stings you but does no damage.
The killer bee stings you.
* * * LOW HITPOINT WARNING * * *
You barely miss the killer bee.
The killer bee stings you but does no damage. x2
You barely miss the killer bee.
The killer bee stings you but does no damage. x2
You miss the killer bee. The killer bee completely misses you.
The killer bee stings you but does no damage.
You closely miss the killer bee.
The killer bee stings you but does no damage.
The killer bee stings you.
You die...

.......#
.......#
#......
#....s #.
..#.y.. #..
..#yyy #..
..##y# #..#
#..##y#
#..⌠##...##♣#
#........##.#
#........##.#
#''# #.# #O.#
#†# ##.## #.#
#..######.#
##
#....)....#
#.
#.#########
#<


You could see 6 killer bees.

Vanquished Creatures
  A phantom (D:4)
  2 ogres (D:4)
  Crazy Yiuf (D:3)
  A worker ant (D:4)
  6 adders
  2 worms
  A dart slug (D:1)
  2 leopard geckos
  3 orcs
  7 bats
  5 giant cockroaches
  5 hobgoblins
  5 jackals
  A quokka (D:2)
  4 frilled lizards
  6 goblins
  11 kobolds
  A leopard gecko zombie (D:4)
  8 rats
72 creatures vanquished.

Notes
Turn   | Place    | Note
-------+----------+-------------------------------------------
     0 | D:1      | Gingerlord the Ogre Wanderer began the quest for the Orb.
     0 | D:1      | Gingerlord set off with: a +2 mace, a potion of curing, a scroll of teleportation, a +0 robe, a bread ration
     0 | D:1      | Reached XP level 1. HP: 19/19 MP: 1/1
   294 | D:1      | Reached XP level 2. HP: 22/27 MP: 2/2
   889 | D:1      | Reached XP level 3. HP: 29/35 MP: 3/3
  1137 | D:2      | Found a faded altar of an unknown god.
  1365 | D:2      | Found a sparkling altar of Nemelex Xobeh.
  1698 | D:2      | Reached XP level 4. HP: 20/44 MP: 4/4
  2549 | D:3      | Reached XP level 5. HP: 42/53 MP: 5/5
  2555 | D:3      | Reached skill level 6 in Maces & Flails
  2685 | D:3      | Found a runed door.
  3074 | D:3      | Noticed Crazy Yiuf
  3084 | D:3      | Paralysed by Crazy Yiuf for 7 turns
  3092 | D:3      | Killed Crazy Yiuf
  3349 | D:4      | Noticed a phantom
  3444 | D:4      | Killed a phantom
  3444 | D:4      | Reached XP level 6. HP: 20/62 MP: 2/6
  4003 | D:4      | Found a staircase to the Ecumenical Temple.
  4007 | Temple   | Entered the Ecumenical Temple
  4138 | Temple   | Became a worshipper of Warmaster Okawaru
  4489 | D:4      | Reached skill level 7 in Maces & Flails
  4489 | D:4      | Reached XP level 7. HP: 46/71 MP: 5/7
  4639 | D:4      | HP: 4/106 [killer bee (4)]
  4655 | D:4      | HP: 3/106 [killer bee (5)]
  4656 | D:4      | HP: 1/106 [killer bee (3)]
  4660 | D:4      | Slain by a killer bee

Skill      XL: |  1  2  3  4  5  6 |
---------------+-------------------+-----
Fighting       | 2 3 4 |  4.7
Dodging        | 3 4 |  4.1
Throwing       | 2 3 |  3.4
Maces & Flails | 6 7 |  7.0
Evocations     | |  1.0

Action                   |  1- 3 |  4- 6 |  7- 9 || total
-------------------------+-------+-------+-------++-------
Melee: Mace              |    91 |       |       ||    91
       Whip              |       |   229 |       ||   229
       Giant spiked club |       |       |    35 ||    35
  Use: Scroll            |     4 |       |       ||     4
       Potion            |       |     1 |     7 ||     8
 Stab: Sleeping          |     1 |       |     1 ||     2
  Eat: Chunk             |     2 |     5 |       ||     7
       Bread ration      |       |     1 |       ||     1
Armor: Robe              |    30 |    59 |     3 ||    92
       Skin              |       |       |    60 ||    60
Dodge: Dodged            |    62 |    85 |     8 ||   155
